Map: [ESL] Royal Blood

Players

Scarlett

  • Race: Zerg Zerg

Cham - Winner!

  • Race: Zerg Zerg

Event: IEM Katowice 2023

VOD

Have the link to the VOD?

Description

Time

  • Played on: Feb. 8, 2023, 8:09 a.m.
  • Length: 13:40

All games in this series

Show
View Real Time Build Order
Export as new Build Order

Scarlett Zerg 

Build Orders: Pool First 

Get SALT Encoding   

  12  0:00  Drone  
  13  0:12  Overlord  
  13  0:17  Drone  
  14  0:30  Drone  
  14  0:31  Drone  
  14  0:34  Drone  
  17  0:43  Spawning Pool  
  17  0:47  Drone  
  17  1:06  Hatchery  
  17  1:09  Extractor  
  17  1:10  Drone  
  16  1:15  Drone  
  16  1:18  Drone  
  18  1:30  Queen  
  18  1:31  Zergling x2  
  21  1:39  Drone  
  22  1:49  Overlord  
  22  2:07  Drone, Queen  
  25  2:11  Drone  
  26  2:16  Metabolic Boost  
  26  2:19  Drone, Queen  
  29  2:26  Drone  
  29  2:29  Drone  
  31  2:35  Drone  
  32  2:37  Drone x2  
  32  2:38  Drone  
  32  2:40  Drone  
  36  2:44  Overlord  
  36  2:55  Hatchery  
  35  3:04  Drone x3  
  38  3:07  Drone  
  38  3:09  Drone  
  38  3:10  Drone  
  38  3:12  Overlord  
  41  3:15  Zergling x2  
  41  3:17  Zergling x2  
  41  3:18  Zergling x2  
  44  3:25  Evolution Chamber  
  43  3:28  Zergling x2  
  43  3:32  Overlord  
  43  3:33  Zergling x4  
  46  3:44  Zergling x4  
  46  3:46  Drone x4  
  52  3:51  Zerg Missile Weapons Level 1  
  52  3:55  Roach Warren  
  51  3:56  Drone x4  
  51  4:01  Extractor  
  54  4:03  Extractor  
  54  4:05  Lair  
  54  4:09  Drone x3  
  55  4:17  Drone x2  
  55  4:20  Overlord  
  55  4:22  Overlord  
  57  4:24  Drone x4  
  57  4:29  Overlord  
  60  4:34  Spine Crawler  
  60  4:35  Roach x2  
  60  4:38  Roach  
  65  4:43  Roach  
  67  4:47  Roach x3  
  73  4:56  Roach x4  
  81  5:01  Roach  
  81  5:02  Roach  
  81  5:03  Overlord  
  80  5:16  Roach  
  80  5:17  Overlord, Roach x3  
  80  5:19  Extractor  
  87  5:24  Drone x5  
  87  5:25  Drone x2  
  87  5:27  Overlord  
  94  5:30  Glial Reconstitution  
  94  5:35  Overlord  
  94  5:39  Overseer  
  94  5:41  Drone x4  
  96  5:50  Zerg Ground Armor Level 1  
  96  5:51  Overlord  
  95  5:58  Drone x7  
  95  6:00  Extractor  
  101  6:05  Roach x2  
  101  6:09  Roach  
  107  6:14  Overseer  
  107  6:15  Pneumatized Carapace  
  107  6:16  Overlord  
  107  6:18  Drone x3  
  110  6:20  Extractor  
  110  6:21  Roach x2  
  110  6:22  Spine Crawler  
  110  6:24  Roach x3  
  118  6:27  Roach  
  118  6:30  Roach  
  122  6:34  Overseer  
  122  6:37  Roach x2  
  125  6:44  Roach x3  
  125  6:45  Roach x3  
  137  6:47  Overlord x2  
  137  6:51  Overlord  
  137  6:53  Spine Crawler  
  136  6:59  Overlord, Roach  
  137  7:04  Overlord  
  137  7:05  Overlord  
  137  7:07  Roach x3  
  143  7:09  Ravager x2  
  145  7:17  Roach x5  
  145  7:20  Roach x2  
  145  7:21  Ravager  
  159  7:24  Roach x2  
  159  7:29  Roach x3  
  169  7:31  Overlord  
  169  7:41  Roach x6  
  171  7:47  Roach x3  
  154  7:56  Roach  
  154  7:57  Roach x5  
  151  8:00  Queen  
  151  8:05  Roach x2  
  139  8:11  Roach x4  
  139  8:20  Drone x7  
  146  8:28  Roach x2  
  150  8:35  Zerg Missile Weapons Level 2  
  150  8:37  Overlord, Drone  
  150  8:39  Roach  
  153  8:42  Ravager  
  153  8:45  Roach x3, Hatchery  
  153  8:46  Ravager x3  
  162  8:54  Roach x4  
  170  8:58  Overseer  
  170  8:59  Roach x2  
  174  9:07  Roach x5  
  184  9:14  Spine Crawler  
  183  9:18  Roach x4  
  191  9:28  Roach x5  
  193  9:42  Roach x3  
  199  9:50  Drone, Hydralisk Den  
  199  10:05  Roach  
  199  10:06  Roach x4  
  199  10:12  Ravager x3  
  198  10:15  Roach  
  198  10:18  Extractor  
  198  10:19  Extractor  
  198  10:20  Spine Crawler  
  193  10:31  Roach x6  
  191  10:42  Roach x13  
  190  10:43  Roach x2  
  174  10:50  Roach x4  
  174  10:54  Zerg Ground Armor Level 2  
  174  10:56  Roach x3  
  174  10:57  Muscular Augments  
  178  11:01  Roach x4  
  186  11:07  Roach  
  186  11:08  Roach  
  186  11:17  Ravager  
  181  11:19  Roach x6  
  191  11:35  Roach x4  
  199  11:47  Infestation Pit, Ravager  
  199  11:48  Ravager  
  151  12:02  Roach x11  
  151  12:08  Grooved Spines  
  160  12:09  Hydralisk x7  
  166  12:25  Roach x7  
  173  12:33  Roach  
  173  12:34  Roach x3  
  173  12:39  Roach x3  
  173  12:43  Roach x2  
  146  12:46  Ravager  
  146  12:47  Roach  
  146  12:51  Roach x2  
  135  13:00  Roach x4  
  135  13:02  Roach  
  121  13:08  Roach x3  
  121  13:10  Roach  
  121  13:11  Roach  
  114  13:15  Roach  
  114  13:17  Roach  
  114  13:18  Roach  
Show
View Real Time Build Order
Export as new Build Order

Cham Zerg - Winner!

Build Orders: Hatch First 

Get SALT Encoding   

  12  0:00  Drone  
  13  0:12  Overlord  
  13  0:16  Drone  
  14  0:30  Drone x2  
  16  0:47  Hatchery  
  15  0:51  Drone  
  15  0:55  Drone  
  17  1:09  Spawning Pool  
  17  1:11  Drone  
  17  1:15  Extractor  
  17  1:17  Drone  
  17  1:20  Drone  
  18  1:31  Drone  
  19  1:39  Drone  
  20  1:49  Drone  
  21  1:58  Queen  
  21  1:59  Queen  
  21  2:01  Drone, Zergling x2  
  27  2:11  Drone  
  27  2:12  Overlord  
  28  2:30  Drone x2  
  28  2:34  Evolution Chamber  
  28  2:37  Lair, Drone x2  
  31  2:40  Extractor  
  31  2:43  Drone, Roach Warren  
  30  2:46  Overlord  
  30  2:54  Drone x2  
  32  3:00  Zerg Missile Weapons Level 1  
  32  3:06  Drone  
  32  3:08  Drone x3  
  36  3:13  Drone x2  
  36  3:16  Drone  
  36  3:18  Drone  
  40  3:22  Overlord  
  40  3:28  Overlord  
  40  3:32  Drone  
  41  3:34  Drone  
  41  3:35  Glial Reconstitution  
  42  3:42  Roach x2  
  42  3:45  Roach  
  42  3:48  Roach  
  49  3:50  Roach  
  49  3:54  Roach x2  
  55  3:57  Overlord  
  55  4:01  Roach  
  57  4:06  Roach  
  59  4:16  Drone x2  
  61  4:17  Roach x3  
  61  4:21  Overlord  
  67  4:29  Hatchery  
  66  4:32  Overlord  
  66  4:34  Overlord  
  66  4:41  Roach  
  66  4:42  Overlord  
  68  4:51  Roach x4  
  76  4:55  Roach x2  
  76  4:57  Drone  
  76  4:58  Drone  
  82  5:08  Drone x2  
  82  5:11  Drone  
  82  5:12  Drone  
  84  5:17  Drone x2  
  84  5:20  Extractor, Zerg Missile Weapons Level 2  
  84  5:21  Extractor  
  84  5:22  Drone x5  
  84  5:27  Drone  
  90  5:32  Queen  
  90  5:33  Overlord  
  92  5:41  Overlord  
  93  5:42  Drone  
  93  5:45  Overlord x2  
  93  5:52  Burrow  
  93  5:53  Tunneling Claws  
  93  5:56  Overlord  
  95  6:00  Roach  
  97  6:06  Roach  
  97  6:07  Roach x3  
  97  6:11  Overlord  
  105  6:12  Roach  
  105  6:16  Overlord  
  105  6:17  Drone  
  105  6:18  Roach x2  
  110  6:22  Overlord  
  110  6:24  Roach x3  
  116  6:27  Ravager  
  116  6:28  Roach  
  123  6:32  Roach  
  123  6:33  Roach  
  123  6:36  Roach x2  
  127  6:42  Roach  
  127  6:43  Overlord  
  127  6:45  Roach  
  133  6:47  Roach  
  133  6:54  Overlord  
  133  6:56  Roach x3  
  133  6:57  Roach  
  133  6:58  Roach  
  133  6:59  Ravager  
  133  7:00  Roach  
  146  7:03  Roach  
  148  7:09  Roach x3  
  154  7:17  Roach x2  
  154  7:18  Roach  
  154  7:22  Drone x3  
  162  7:25  Overlord  
  162  7:27  Drone x3  
  162  7:28  Roach x8  
  165  7:30  Overlord  
  159  7:43  Drone x3  
  150  7:44  Drone x2  
  134  7:53  Roach x7  
  134  7:54  Roach  
  134  7:59  Roach x2  
  134  8:04  Extractor  
  134  8:05  Extractor  
  126  8:07  Roach x7  
  126  8:10  Roach x3  
  122  8:17  Roach x2  
  122  8:18  Hatchery  
  121  8:24  Drone  
  121  8:25  Drone  
  119  8:27  Roach  
  119  8:29  Roach, Zerg Ground Armor Level 1  
  119  8:34  Ravager  
  118  8:35  Roach x3  
  118  8:36  Roach x4  
  118  8:40  Roach  
  134  8:44  Drone x2  
  136  8:52  Roach x7  
  136  8:55  Roach x5  
  146  8:57  Ravager  
  146  9:02  Roach x2  
  151  9:04  Roach x2  
  151  9:05  Roach  
  161  9:10  Roach x3  
  161  9:12  Roach, Ravager  
  166  9:18  Roach  
  166  9:19  Roach x2  
  176  9:24  Roach x2  
  176  9:25  Roach  
  176  9:28  Roach x2  
  176  9:31  Overlord, Ravager  
  175  9:35  Roach x4  
  175  9:38  Ravager  
  184  9:42  Roach x3  
  184  9:43  Roach  
  184  9:45  Overlord  
  192  9:49  Overlord  
  192  9:52  Roach x2  
  194  9:53  Roach  
  180  10:07  Roach  
  180  10:08  Roach x6  
  180  10:12  Ravager  
  193  10:16  Roach x2  
  193  10:17  Roach  
  199  10:21  Ravager  
  187  10:41  Roach x13  
  187  10:42  Roach x15  
  189  10:46  Roach  
  189  10:47  Roach  
  189  10:48  Roach  
  172  10:53  Roach x2  
  169  11:02  Roach  
  169  11:03  Zerg Ground Armor Level 2, Roach x2  
  171  11:06  Roach x22  
  172  11:12  Roach x12  
  172  11:14  Roach x3  
  172  11:18  Roach  
  180  11:26  Roach x6  
  180  11:29  Roach  
  194  11:35  Roach x3  
  200  11:48  Overseer  
  192  11:55  Roach x9  
  175  12:05  Roach x7  
  164  12:10  Roach x2  
  164  12:11  Roach  
  168  12:16  Roach  
  168  12:17  Roach  
  170  12:24  Roach  
  170  12:25  Roach x3  
  176  12:32  Roach x2  
  176  12:35  Roach  
  176  12:41  Roach, Ravager  
  169  12:44  Ravager x2  
  169  12:45  Roach  
  167  12:54  Roach x2  
  167  12:58  Roach  
  157  13:04  Roach x2  
  141  13:06  Roach x2  
  141  13:10  Roach x2  
  123  13:16  Roach  
  123  13:17  Roach x3  
  123  13:19  Roach  

Tags
 
Add a new tag
Caveats
  • Supply blocks, unpowered buildings, or Contaminate may cause inaccurate times.
  • Supply counts are checked every 10 seconds.